 Dungeon Crawl Stone Soup version 0.28-a0-1555-g9ae15a6949 (webtiles) character file.

Game seed: 2165410080133305707

11921 sizableburger the Magician (level 11, -4/81 HPs)
             Began as a Mummy Earth Elementalist on Jan 19, 2022.
             Was a Follower of Ru.
             Slain by a blink frog (11 damage)
             ... on level 2 of the Lair of Beasts.
             The game lasted 00:54:54 (18130 turns).

sizableburger the Magician (MuEE)                  Turns: 18130, Time: 00:54:54

Health: -4/81      AC: 15    Str: 12    XL:     11   Next: 55%
Magic:  10/22      EV: 16    Int: 18    God:    Ru [*.....]
Gold:   808        SH:  5    Dex: 24    Spells: 3/25 levels left

rFire   x . .      SeeInvis .   r - +2 long sword (venom)
rCold   + . .      Faith    .   (no shield)
rNeg    + + +      Spirit   .   t - +0 steam dragon scales
rPois   ∞          Reflect  +   (no helmet)
rElec   .          Harm     .   s - +1 cloak {Stlth+}
rCorr   .          Rampage  .   i - +2 pair of gloves
Will    +....                   o - +0 pair of boots
Stlth   ++++......              C - amulet "Sishrinlo" {Reflect Dex+5 SH+5}
HPRegen 0.23/turn               x - +6 ring of dexterity
MPRegen 0.18/turn               z - +4 ring of protection

@: no status effects
A: cold resistance 1, negative energy resistance 3, torment resistance 2, heat
vulnerability 1, no air magic, no summoning magic, no transmutations magic, no
potions
a: Renounce Religion


You were on level 2 of the Lair of Beasts.
You worshipped Ru.
Ru was aware of your devotion.
You visited 3 branches of the dungeon, and saw 13 of its levels.

You collected 808 gold pieces.

Inventory:

Hand Weapons
 r - a +2 long sword of venom (weapon)
Missiles
 c - 123 stones
 A - a throwing net
Armour
 b - a +0 robe
 i - a +2 pair of gloves (worn)
 o - a +0 pair of boots (worn)
 s - a +1 cloak of stealth (worn)
 t - +0 steam dragon scales (worn)
Jewellery
 e - a ring of magical power
 h - an amulet of the acrobat
 q - a ring of ice
 x - a +6 ring of dexterity (left hand)
 z - a +4 ring of protection (right hand)
 B - an amulet of faith
 C - the amulet "Sishrinlo" (around neck) {Reflect Dex+5 SH+5}
   (You found it on level 9 of the Dungeon)

   [amulet of reflection]

   It reflects blocked missile attacks.
   Dex:       It affects your dexterity (+5).
   SH:        It affects your SH (+5).
Wands
 f - a wand of polymorph (12)
 n - a wand of flame (14)
 p - a wand of charming (9)
 u - a wand of digging (5)
 v - a wand of iceblast (11)
 w - a wand of acid (4)
 E - a wand of paralysis (4)
Scrolls
 a - a scroll of silence
 g - a scroll of enchant weapon
 k - 2 scrolls of fog
 y - a scroll of brand weapon


   Skills:
 - Level 6.2 Fighting
 - Level 1.8(4.3) Short Blades
 - Level 6.1(6.2) Long Blades
 + Level 2.0 Armour
 - Level 5.3 Dodging
 - Level 2.3 Stealth
 + Level 7.8 Spellcasting
 - Level 3.3 Conjurations
 + Level 5.8 Earth Magic
 + Level 4.8 Evocations


You had 3 spell levels left.
You knew the following spells:

 Your Spells              Type           Power      Damage    Failure   Level
a - Sandblast             Erth           56%        2d13      1%          1
b - Stone Arrow           Conj/Erth      46%        3d9       4%          3
c - Passwall              Tmut/Erth      14%        N/A       4%          2
d - Call Canine Familiar  Summ           7%         N/A       30%         3
e - Petrify               Tmut/Erth      17%        N/A       30%         4
f - Fulminant Prism       Conj/Hex       6%         3d7       45%         4
g - Lee's Rapid Deconstr  Erth           14%        3d10*     26%         5

Your spell library contained the following spells:

 Spells                   Type           Power      Damage    Failure   Level
 Magic Dart               Conj           76%        1d6       2%          1
 Searing Ray              Conj           38%        2d5       3%          2
 Conjure Flame            Conj/Fire      13%        6-21      16%         3
 Gell's Gravitas          Tloc           7%         N/A       30%         3
 Teleport Other           Tloc           7%         N/A       30%         3
 Sticky Flame             Conj/Fire      13%        2d4       45%         4
 Iron Shot                Conj/Erth      11%        9d3       93%         6
 Dispersal                Tloc           3%         N/A       100%        6
 Shatter                  Erth           14%        3d14*     100%        9
 Summon Small Mammal      Summ           Unusable   N/A       N/A         1
 Ignite Poison            Fire/Tmut/Pois Unusable   N/A       N/A         3
 Summon Guardian Golem    Hex/Summ       Unusable   N/A       N/A         3

Dungeon Overview and Level Annotations

Branches:
Dungeon (10/15)            Temple (1/1) D:5            Lair (2/6) D:9
  Swamp: Lair:2-4    Shoals: Lair:2-4     Snake: Lair:2-4    Spider: Lair:2-4
    Orc: D:9-12

Altars:
Ashenzari
Elyvilon
Fedhas
Kikubaaqudgha
Makhleb
Okawaru
Ru
Sif Muna
Trog
Uskayaw
Yredelemnul

Annotations:
D:6 Edmund
D:10 oldriver's ghost, journeyman GnCA


Innate Abilities, Weirdness & Mutations

You are immune to poison.
Your flesh is cold resistant. (rC+)
You are immune to negative energy. (rN+++)
You are immune to unholy pain and torment.
You are vulnerable to heat. (rF-)
You cannot study or cast Air magic.
You cannot study or cast Summoning magic.
You cannot study or cast Transmutations magic.
You do not drink.


Message History

There is a stone staircase leading up here.
Okay, then.
Aiming: Charm
Press: ? - help, Shift-Dir - straight line, f - cane toad, p - komodo dragon
Aim: a cane toad (chance to affect: 61%)
The cane toad is charmed.
The komodo dragon bites you!!
* * * LOW HITPOINT WARNING * * *
Unknown command.
Aiming: Charm
Press: ? - help, Shift-Dir - straight line, f - blink frog, p - cane toad
Aim: a blink frog (chance to affect: 43%)
Okay, then.
Okay, then.
Okay, then.
Okay, then.
Okay, then.
Casting: Stone Arrow (dangerous; 4% risk of failure)
Confirm with . or Enter, or press ? or * to list all spells.
Aiming: Sandblast (safe; 1% risk of failure)
Press: ? - help, Shift-Dir - straight line, f - komodo dragon, p - cane toad
Aim: a komodo dragon (severely wounded, poisoned, 86% to hit)
Okay, then.
Casting: Sandblast (safe; 1% risk of failure)
Confirm with . or Enter, or press ? or * to list all spells.
Aiming: Stone Arrow (dangerous; 4% risk of failure)
Press: ? - help, Shift-Dir - straight line, f - komodo dragon, p - cane toad
Aim: a komodo dragon (severely wounded, poisoned, 79% to hit)
The stone arrow hits the komodo dragon!
You kill the komodo dragon!
The blink frog completely misses you.
The blink frog begins to attack, but is stunned by your conviction!
Your Armour skill increases to level 2!
Casting: Stone Arrow (dangerous; 4% risk of failure)
Confirm with . or Enter, or press ? or * to list all spells.
Aiming: Sandblast (safe; 1% risk of failure)
Press: ? - help, Shift-Dir - straight line, f - blink frog
Aim: a blink frog (66% to hit)
The blast of sand misses the blink frog.
The blink frog blinks!
The blink frog hits you!
You die...

.... ....
.....
......
..>...#####
....##..†@#
..#.....FF#
#...§....#
......##.##
..... ...#
..## F.....
. .......
.#.####P#
.# ##


You could see a blink frog, a bullfrog and a friendly cane toad (charmed).

Vanquished Creatures
  2 hydras
  2 two-headed ogres
  A cyclops (D:10)
  An elephant (D:9)
  Joseph (D:7)
  An unseen horror (D:8)
  A cane toad (Lair:1)
  5 komodo dragons
  A meliai (D:9)
  4 yaks
  A basilisk (Lair:1)
  Eustachio (D:6)
  A steam dragon (D:5)
  Duvessa (D:6)
  5 water moccasins
  An acid dragon (D:9)
  2 sky beasts
  2 orc warriors
  4 ogres
  3 necrophages
  2 centaurs
  3 kobold brigands
  5 bullfrogs
  3 scorpions
  A water moccasin zombie (D:5)
  A wyvern zombie (D:6)
  A water moccasin skeleton (D:5)
  Dowan (D:6)
  5 killer bees (D:9)
  7 howler monkeys
  2 electric eels (Lair:1)
  7 crimson imps (D:9)
  2 centaur zombies
  2 bullfrog zombies (D:6)
  5 hounds
  2 jellies (D:5)
  Crazy Yiuf (D:6)
  2 bullfrog skeletons (D:6)
  2 centaur skeletons
  A gnoll shaman (D:8)
  8 orc priests
  6 orc wizards
  4 iguanas
  Natasha (thrice) (D:4)
  9 gnolls
  9 adders
  2 shadow imps
  4 white imps
  An ufetubus (D:5)
  An adder skeleton (D:4)
  3 worms
  39 orcs
  5 endoplasms
  4 giant cockroaches
  6 goblins
  2 hobgoblins
  4 jackals (D:1)
  13 kobolds
  3 quokkas
  7 ball pythons
  4 frilled lizards (D:1)
  8 rats
240 creatures vanquished.

Vanquished Creatures (collateral kills)
  A basilisk (D:9)
  A black bear (D:9)
  A howler monkey zombie (D:9)
3 creatures vanquished.

Vanquished Creatures (others)
  An ufetubus (D:5)
  2 bushes (D:4)
  4 fungi
  9 plants
16 creatures vanquished.

Grand Total: 259 creatures vanquished

Notes
Turn   | Place    | Note
-------+----------+-------------------------------------------
     0 | D:1      | sizableburger the Mummy Earth Elementalist began the quest
                  | for the Orb.
     0 | D:1      | Reached XP level 1. HP: 13/13 MP: 4/4
   352 | D:1      | Reached XP level 2. HP: 14/19 MP: 2/5
  1007 | D:1      | Reached skill level 3 in Spellcasting
  1282 | D:2      | Reached XP level 3. HP: 25/25 MP: 3/7
  1603 | D:2      | Found a faded altar of an unknown god.
  1637 | D:2      | Identified the +1 leather armour of Dogma {rCorr Int-5 SInv
                  | Stlth+}
  2158 | D:3      | Learned a level 3 spell: Stone Arrow
  2163 | D:3      | Reached skill level 1 in Fighting
  2166 | D:3      | Learned a level 2 spell: Passwall
  2197 | D:2      | Reached XP level 4. HP: 23/32 MP: 2/8
  2291 | D:3      | Reached skill level 1 in Transmutations
  2297 | D:3      | Reached skill level 1 in Short Blades
  2913 | D:2      | Reached skill level 1 in Conjurations
  2913 | D:2      | Reached XP level 5. HP: 24/37 MP: 1/9
  4202 | D:4      | Noticed Natasha
  4276 | D:4      | Noticed a steam dragon
  4276 | D:4      | Noticed an ogre
  4420 | D:4      | Reached XP level 6. HP: 37/43 MP: 11/11
  4551 | D:4      | Reached skill level 4 in Spellcasting
  4551 | D:4      | Reached skill level 1 in Evocations
  4599 | D:4      | Noticed a water moccasin
  4612 | D:4      | Killed a water moccasin
  4613 | D:4      | Reached skill level 1 in Long Blades
  4680 | D:4      | Found an iron altar of Okawaru.
  4949 | D:5      | Entered Level 5 of the Dungeon
  4967 | D:5      | Reached XP level 7. HP: 45/51 MP: 13/13
  5158 | D:5      | Found a bloodstained altar of Trog.
  5514 | D:5      | Found a shimmering blue altar of Sif Muna.
  5515 | D:5      | Found a hide-covered altar of Uskayaw.
  5515 | D:5      | Found a blossoming altar of Fedhas.
  5788 | D:5      | Found a staircase to the Ecumenical Temple.
  5797 | Temple   | Entered the Ecumenical Temple
  5803 | Temple   | Became a worshipper of Ru the Awakened
  5987 | D:5      | Reached XP level 8. HP: 45/60 MP: 14/14
  6421 | D:5      | Reached skill level 5 in Spellcasting
  6752 | D:5      | Learned a level 3 spell: Call Canine Familiar
  6969 | D:4      | Killed Natasha
  7355 | D:4      | Noticed Natasha
  7361 | D:4      | Killed Natasha
  7373 | D:4      | Noticed Natasha
  7378 | D:4      | Killed Natasha
  7379 | D:4      | Reached skill level 1 in Summonings
  7893 | D:6      | Reached skill level 5 in Fighting
  8352 | D:6      | Noticed Duvessa
  8610 | D:6      | Reached XP level 9. HP: 67/68 MP: 16/16
  8767 | D:6      | Killed Duvessa
  8806 | D:6      | Noticed Dowan
  8809 | D:6      | Killed Dowan
  8996 | D:6      | Found a runed translucent door.
  8997 | D:6      | Noticed Crazy Yiuf
  9285 | D:6      | Killed Crazy Yiuf
  9367 | D:6      | Noticed Edmund
  9573 | D:6      | Noticed a four-headed hydra
  9582 | D:6      | Killed a four-headed hydra
  9583 | D:6      | Reached skill level 6 in Spellcasting
  9583 | D:6      | Reached skill level 5 in Earth Magic
  9721 | D:6      | Reached skill level 5 in Long Blades
  9774 | D:6      | Noticed Maggie
  9777 | D:6      | Noticed Maggie
  9777 | D:6      | Maggie changed into Maggie the water moccasin
  9788 | D:6      | Killed Maggie the water moccasin
 10181 | D:6      | Noticed Eustachio
 10191 | D:6      | Killed Eustachio
 10893 | D:7      | Noticed Joseph
 11482 | D:8      | Reached skill level 7 in Spellcasting
 11568 | D:7      | Learned a level 4 spell: Petrify
 12213 | D:8      | Reached XP level 10. HP: 71/76 MP: 20/20
 12317 | D:8      | Found an ancient bone altar of Kikubaaqudgha.
 12874 | D:7      | Killed Joseph
 13484 | D:9      | Identified the amulet "Sishrinlo" {Reflect Dex+5 SH+5}
 13531 | D:9      | Noticed a two-headed ogre
 14156 | D:9      | Noticed an elephant
 14295 | D:9      | Killed an elephant
 14430 | D:9      | Killed a two-headed ogre
 14677 | D:9      | Identified the +1 leather armour of the Hanged Man {rPois
                  | Int+2}
 14758 | D:9      | Found a staircase to the Lair.
 15067 | D:10     | Entered Level 10 of the Dungeon
 15088 | D:10     | Found a runed translucent door.
 15090 | D:10     | Noticed oldriver's ghost (journeyman GnCA)
 15218 | D:10     | Noticed a five-headed hydra
 15226 | D:10     | Killed a five-headed hydra
 15392 | D:10     | Reached XP level 11. HP: 77/81 MP: 21/21
 15743 | D:10     | Reached skill level 5 in Dodging
 15977 | D:10     | Noticed a two-headed ogre
 16116 | D:10     | Reached skill level 5 in Summonings
 16351 | D:10     | Killed a two-headed ogre
 16461 | D:10     | Learned a level 4 spell: Fulminant Prism
 16607 | D:10     | Got the Incunabulum of Clay
 16627 | D:9      | Learned a level 5 spell: Lee's Rapid Deconstruction
 16654 | Lair:1   | Entered Level 1 of the Lair of Beasts
 16992 | Lair:1   | Reached skill level 1 in Armour
 17082 | Lair:1   | Noticed an eight-headed hydra
 17920 | Lair:1   | Gained mutation: You cannot study or cast Air magic. [Ru
                  | sacrifice]
 17920 | Lair:1   | Gained mutation: You cannot study or cast Transmutations
                  | magic. [Ru sacrifice]
 17920 | Lair:1   | Gained mutation: You cannot study or cast Summoning magic.
                  | [Ru sacrifice]
 17920 | Lair:1   | Reached * piety under Ru
 17957 | Lair:1   | Noticed an eight-headed hydra
 18130 | Lair:2   | Slain by a blink frog

Illustrated notes

Levels and vault maps discovered:
D:1:      lightli_arrival_windingriver, layout_rooms
D:2:      layout_basic, ebering_ecumenical_altar_box
D:3:      layout_loops_ring
D:4:      layout_cave_pools, lemuel_round_altar, serial_park,
          serial_park_square1 [serial_park_minivault_5x5_4], serial_park_tiny_1,
          serial_park_square1 [serial_park_minivault_5x5_7],
          serial_park_tiny_pond, serial_park_tiny_pond, uniq_natasha
D:5:      layout_rooms, grunt_temple_overflow_open,
          minmay_temple_entry_poolview, mrwooster_statue_mirror,
          kennysheep_cluttered_room, minmay_stone_trees_large,
          nicolae_zen_rock_garden, minmay_fountain_box,
          nicolae_concentric_dashed_squares_mild
D:6:      layout_loops_corners, due_unseen_surprise, uniq_crazy_yiuf_cottage,
          uniq_maggie, uniq_edmund, uniq_duvessa, uniq_eustachio
D:7:      layout_basic, uniq_joseph
D:8:      layout_gridville, nicolae_kikubaaqudgha_miasma_corner,
          lemuel_old_faithful
D:9:      layout_loops_cross, david_lair_generic, minivault_20, minmay_nine_imps
D:10:     layout_roguey, hellmonk_ghost_big_iron
Temple:   eino_temple_rhombus
Lair:1:   layout_hall_layers, nicolae_volcano_entry_lava_flow,
          guppyfry_lair_drakes, serial_bayou_shore_a, infiniplex_staircase_pool,
          grunt_megastairs_5
Lair:2:   layout_chaotic_city, minmay_snake_entry_six_corridors,
          serial_bayou_shore_b, grunt_megastairs_4

Skill      XL: |  1  2  3  4  5  6  7  8  9 10 11 |
---------------+----------------------------------+-----
Dodging        | 2 3 4 5 |  5.3
Spellcasting   | 3 4 5 7 |  7.8
Earth Magic    | 3 4 5 |  5.8
Fighting       | 1 2 3 5 6 |  6.2
Transmutations | 1 3 0 |  0.0
Short Blades   | 1 |  1.8
Conjurations   | 1 2 3 |  3.3
Evocations     | 1 3 4 |  4.8
Long Blades    | 1 3 4 5 6 |  6.1
Summonings     | 2 4 0 |  0.0
Stealth        | 2 |  2.3
Armour         | 2 |  2.0

Action                   |  1- 3 |  4- 6 |  7- 9 | 10-12 || total
-------------------------+-------+-------+-------+-------++-------
Melee: Dagger            |    39 |    49 |       |       ||    88
       Unarmed           |     1 |       |       |       ||     1
       Long sword        |       |    37 |   258 |   298 ||   593
       Punch             |       |     1 |     4 |     6 ||    11
 Cast: Sandblast         |    48 |    26 |    71 |    52 ||   197
       Stone Arrow       |       |    21 |    19 |    34 ||    74
       Call Canine Famil |       |       |    10 |     8 ||    18
       Passwall          |       |       |       |     2 ||     2
       Petrify           |       |       |       |     6 ||     6
Invok: Reject Sacrifices |       |       |     1 |       ||     1
       Sacrifice Arcana  |       |       |       |     1 ||     1
Evoke: Wand              |       |       |     2 |     1 ||     3
  Use: Scroll            |       |    10 |     5 |    13 ||    28
 Stab: Sleeping          |     1 |       |     8 |     2 ||    11
       Distracted        |       |       |     1 |     1 ||     2
       Petrified         |       |       |       |    19 ||    19
       Petrifying        |       |       |       |     1 ||     1
Armor: Robe              |    17 |    19 |    66 |       ||   102
       Steam dragon scal |       |       |    50 |   145 ||   195
       Ring mail         |       |       |    44 |       ||    44
Dodge: Dodged            |    52 |    86 |   245 |   243 ||   626
Block: Other             |       |       |       |    75 ||    75
       Reflection        |       |       |       |     3 ||     3

Table legend: (Time is in decaauts)
 A = Elapsed time spent in this place.
 B = Non-inter-level travel time spent in this place.
 C = Inter-level travel time spent in this place.
 D = Time resting spent in this place.
 E = Time spent auto-exploring this place.
 F = Levels seen in this place.
 G = Mean time per level.
                   A        B        C        D        E       F      G
               +--------+--------+--------+--------+--------+-----+--------+
         Total |  18262 |  17139 |   1123 |   6533 |   6965 |  13 | 1404.8 |
       Dungeon |  16967 |  15849 |   1118 |   6190 |   6482 |  10 | 1696.7 |
        Temple |     12 |      7 |      5 |      0 |      0 |   1 |   12.0 |
          Lair |   1282 |   1282 |      0 |    343 |    483 |   2 |  641.0 |
               +--------+--------+--------+--------+--------+-----+--------+

Top non-repeatable levels by time:
     D:5: 2591 daAuts
     D:6: 2012 daAuts
     D:7: 1705 daAuts
     D:9: 1611 daAuts
     D:2: 1607 daAuts
     D:8: 1592 daAuts
     D:3: 1566 daAuts
    D:10: 1559 daAuts
     D:4: 1463 daAuts
     D:1: 1257 daAuts
  Lair:1: 1216 daAuts
  Lair:2: 66 daAuts
  Temple: 12 daAuts
